 Dungeon Crawl Stone Soup version 0.29.0-4-gdea44cf6ec (webtiles) character file.

Game seed: 10137335062176835628

378 qw the Chopper (level 6, -1/36 HPs)
             Began as a Tengu Warper on Aug 28, 2022.
             Slain by a gnoll
             ... wielding a +0 spear
             ... led by a gnoll sergeant
              (3 damage)
             ... on level 6 of the Dungeon.
             The game lasted 00:00:24 (4056 turns).

qw the Chopper (Tengu Warper)                       Turns: 4056, Time: 00:00:24

Health: -1/36      AC:  9    Str: 16    XL:     6   Next: 74%
Magic:  0/10       EV:  8    Int: 13    God:
Gold:   182        SH:  5    Dex: 11    Spells: 9/9 levels left

rFire   . . .      SeeInvis .   h - +0 war axe (vamp)
rCold   + . .      Faith    .   (no shield)
rNeg    . . .      Spirit   .   a - +1 chain mail of Shadows and Fog {Rampage rC+ Str+3 Dex-3}
rPois   .          Reflect  +   (helmet restricted)
rElec   .          Harm     .   (no cloak)
rCorr   .          Rampage  +   (no gloves)
Will    +....                   (boots unavailable)
Stlth   ..........              e - amulet of reflection
HPRegen 0.12/turn               b - ring of willpower
MPRegen 0.12/turn               (no ring)

@: flying quickly and evasively, quick
A: beak, talons 3, nimble flight
a: no special abilities


You were on level 6 of the Dungeon.
You visited 1 branch of the dungeon, and saw 5 of its levels.

You collected 182 gold pieces.


Innate Abilities, Weirdness & Mutations

You have a beak for a mouth.
You have claws for feet.
Your magical nature lets you fly swiftly and evasively.


   Skills:
 + Level 2.3 Fighting
 - Level 7.2 Axes
 - Level 1.0 Throwing
 - Level 2.2 Armour
 - Level 2.1 Dodging
 - Level 2.0 Spellcasting
 - Level 2.4 Translocations


You had 9 spell levels left.
You didn't know any spells.
Your spell library contained the following spells:

 Spells                   Type           Power      Damage    Failure   Level
 Blink                    Tloc           14%        N/A       95%         2
 Gell's Gravitas          Tloc           7%         N/A       99%         3
 Lesser Beckoning         Tloc           7%         N/A       99%         3
 Teleport Other           Tloc           7%         N/A       99%         3
 Manifold Assault         Tloc           7%         N/A       100%        5

Inventory:

Hand Weapons
 d - a +0 mace
 h - a +0 vampiric war axe (weapon)
Armour
 a - the +1 chain mail of Shadows and Fog (worn) {Rampage rC+ Str+3 Dex-3}
   (You found it on level 2 of the Dungeon)

   Str:       It affects your strength (+3).
   Dex:       It affects your dexterity (-3).
   rC:        It protects you from cold.
   Rampage:   It bestows one free step when moving towards enemies.
Jewellery
 b - a ring of willpower (left hand)
 e - an amulet of reflection (around neck)
Scrolls
 j - a scroll of brand weapon
 l - a scroll of fog {unknown}
 m - 3 scrolls of torment {unknown}
Potions
 c - a potion of degeneration {unknown}
 f - a potion of curing {unknown}
 g - 2 potions of attraction {unknown}
 i - a potion of might
 k - 2 potions of haste

Dungeon Overview and Level Annotations

Branches:
Dungeon (4/15)
 Temple: D:4-7

Altars:
Zin

Annotations:
D:3 2 runed translucent doors


Message History

You block the gnoll sergeant's attack.
You hit the gnoll. Your kick misses the gnoll. Your peck misses the gnoll.
The gnoll is heavily wounded.
You hit the gnoll but do no damage. You block the gnoll's attack.
The gnoll hits you with a +0 club.
The gnoll hits you from afar with a +0 spear.
You block the gnoll sergeant's attack.
The gnoll hits you but does no damage. x2
The gnoll barely misses you.
The gnoll sergeant hits you but does no damage.
You hit the gnoll.
You feel better.
You claw the gnoll.
You kill the gnoll!
You hit the gnoll.
You feel better.
The gnoll hits you from afar with a +0 spear.
You block the gnoll's attack. The gnoll hits you but does no damage.
The gnoll sergeant hits you from afar with a +2 antimagic spear!
You feel your power leaking away.
You hit the gnoll.
You feel better.
The gnoll is heavily wounded.
The gnoll closely misses you. The gnoll hits you with a +0 whip.
You block the gnoll's attack. The gnoll sergeant barely misses you.
You barely miss the gnoll. You claw the gnoll.
The gnoll is severely wounded.
The gnoll barely misses you. The gnoll hits you with a +0 whip.
You block the gnoll's attack.
The gnoll sergeant hits you from afar with a +2 antimagic spear.
You hit the gnoll.
You feel better.
You kill the gnoll!
You block the gnoll's attack. x2
The gnoll sergeant hits you from afar with a +2 antimagic spear!
You feel your power leaking away.
You hit the gnoll but do no damage. Your kick misses the gnoll.
You peck the gnoll.
The gnoll is moderately wounded.
The gnoll barely misses you. The gnoll hits you but does no damage.
You block the gnoll's attack. The gnoll sergeant closely misses you.
You closely miss the gnoll. Your kick misses the gnoll.
The gnoll is moderately wounded.
You block the gnoll's attack.
The gnoll hits you from afar with a +0 spear.
You die...

#.# #.# ... #.#
.. #.# ######.##
#.# ..$.... #.#
#.....# #.#
#..ggg##### #.#
#..)....... #.#
#..@g..# #.#
#....[.# #.#
#......# #.#
+......#
#.####.?...###
#..............
###.............
#.............
#.............


You could see a gnoll sergeant and 3 gnolls.

Vanquished Creatures
  A black bear (D:4)
  An orc priest (D:3)
  A hound (D:4)
  Terence (D:2)
  An orc wizard (D:3)
  A mummy (D:4)
  5 adders (D:2)
  2 gnolls (D:6)
  4 dart slugs
  3 orcs (D:3)
  6 bats
  6 endoplasms
  5 giant cockroaches
  9 goblins
  9 hobgoblins
  9 jackals
  4 quokkas
  6 ball pythons
  A frilled lizard (D:3)
  2 hobgoblin zombies (D:4)
  5 kobolds
  A kobold zombie (D:4)
  An orc zombie (D:4)
  A rat (D:1)
85 creatures vanquished.

Notes
Turn   | Place    | Note
-------+----------+-------------------------------------------
     0 | D:1      | qw the Tengu Warper began the quest for the Orb.
     0 | D:1      | Reached XP level 1. HP: 12/12 MP: 4/4
     0 | D:1      | 0 ||| qw: Version: 0.1-a-89-g26bdef1
     0 | D:1      | 0 ||| qw: Game counter: 1526
     0 | D:1      | 0 ||| qw: Always use a shield: true
     0 | D:1      | 0 ||| qw: God list: Okawaru
     0 | D:1      | 0 ||| qw: Allow faded altars: false
     0 | D:1      | 0 ||| qw: Do Orc after D:15 true
     0 | D:1      | 0 ||| qw: Do second Lair branch before Depths: true
     0 | D:1      | 0 ||| qw: Lair rune preference: random
     0 | D:1      | 0 ||| qw: Plans: Normal
     0 | D:1      | 0 ||| PLANNING D:1-11
    65 | D:1      | 65 ||| Stepping ~*~*~tactically~*~*~ (stealth).
    67 | D:1      | 67 ||| Stepping ~*~*~tactically~*~*~ (stealth).
    70 | D:1      | 70 ||| Stepping ~*~*~tactically~*~*~ (hiding).
    74 | D:1      | Reached XP level 2. HP: 9/17 MP: 6/6
    76 | D:1      | Reached skill level 3 in Axes
    78 | D:1      | HP: 4/17 [quokka (1)]
   508 | D:1      | 508 ||| Stepping ~*~*~tactically~*~*~ (stealth).
   745 | D:1      | Reached XP level 3. HP: 21/21 MP: 7/7
   763 | D:1      | 763 ||| Stepping ~*~*~tactically~*~*~ (stealth).
   826 | D:1      | 826 ||| Stepping ~*~*~tactically~*~*~ (stealth).
   839 | D:1      | Reached skill level 4 in Axes
  1153 | D:1      | 1153 ||| UPGRADING to +0 chain mail.
  1163 | D:1      | 1163 ||| DROPPING +0 leather armour.
  1164 | D:1      | 1164 ||| UPGRADING to amulet of reflection.
  1169 | D:1      | 1169 ||| DROPPING ring of flight.
  1170 | D:1      | 1170 ||| READING scroll labelled FUTHEXZ LUHIE.
  1171 | D:1      | 1171 ||| READING scroll labelled WAGAAG RIRGHY.
  1172 | D:1      | 1172 ||| READING scroll labelled IHONOA BIAGUE.
  1173 | D:1      | 1173 ||| READING 6 scrolls labelled DUKAENAGEI.
  1174 | D:1      | 1174 ||| DROPPING scroll of blinking.
  1175 | D:1      | 1175 ||| DROPPING 5 scrolls of poison.
  1176 | D:1      | 1176 ||| Stepping randomly (stuck).
  1177 | D:1      | 1177 ||| Stepping randomly (stuck).
  1178 | D:1      | 1178 ||| Stepping randomly (stuck).
  1179 | D:1      | 1179 ||| Stepping randomly (stuck).
  1180 | D:1      | 1180 ||| Stepping randomly (stuck).
  1181 | D:1      | 1181 ||| Stepping randomly (stuck).
  1182 | D:1      | 1182 ||| Stepping randomly (stuck).
  1183 | D:1      | 1183 ||| Stepping randomly (stuck).
  1184 | D:1      | 1184 ||| Stepping randomly (stuck).
  1185 | D:1      | 1185 ||| Stepping randomly (stuck).
  1186 | D:1      | 1186 ||| Stepping randomly (stuck).
  1292 | D:2      | 1292 ||| Stepping ~*~*~tactically~*~*~ (stealth).
  1300 | D:2      | 1300 ||| Stepping ~*~*~tactically~*~*~ (stealth).
  1306 | D:2      | 1306 ||| Stepping ~*~*~tactically~*~*~ (stealth).
  1376 | D:2      | Identified the +1 chain mail of Shadows and Fog {Rampage
                  | rC+ Str+3 Dex-3}
  1700 | D:2      | 1700 ||| Stepping ~*~*~tactically~*~*~ (stealth).
  1820 | D:2      | Found a faded altar of an unknown god.
  1825 | D:2      | Noticed Terence
  1841 | D:2      | Killed Terence
  1842 | D:2      | Reached skill level 5 in Axes
  1842 | D:2      | Reached XP level 4. HP: 8/26 MP: 8/8
  2070 | D:2      | 2070 ||| DROPPING +0 club.
  2157 | D:2      | 2157 ||| SWAPPING to +0 war axe.
  2158 | D:2      | 2158 ||| DROPPING +0 hand axe.
  2314 | D:2      | 2314 ||| Stepping ~*~*~tactically~*~*~ (stealth).
  2329 | D:2      | Gained mutation: Your magical nature lets you fly swiftly
                  | and evasively. [Tengu growth]
  2329 | D:2      | Reached XP level 5. HP: 26/30 MP: 9/9
  2601 | D:2      | 2601 ||| Stepping ~*~*~tactically~*~*~ (stealth).
  2658 | D:2      | 2658 ||| UPGRADING to +1 chain mail of Shadows and Fog
                  | {Rampage rC+ Str+3 Dex-3}.
  2668 | D:2      | 2668 ||| DROPPING +0 chain mail.
  2669 | D:2      | 2669 ||| UPGRADING to ring of willpower.
  2670 | D:2      | 2670 ||| READING 2 scrolls labelled YSKOTR QAOPS.
  2671 | D:2      | 2671 ||| DRINKING 2 bubbling orange potions.
  2700 | D:3      | Identified the +5 dagger "Ultimatum" {distort, rPois rC+}
  2785 | D:3      | 2785 ||| Stepping ~*~*~tactically~*~*~ (hiding).
  2800 | D:3      | Reached skill level 6 in Axes
  2921 | D:3      | 2921 ||| Stepping ~*~*~tactically~*~*~ (stealth).
  3182 | D:3      | Found a large runed translucent door.
  3183 | D:3      | Found a large runed translucent door.
  3297 | D:3      | 3297 ||| Stepping ~*~*~tactically~*~*~ (stealth).
  3299 | D:3      | Found a glowing silver altar of Zin.
  3441 | D:3      | 3441 ||| READING scroll labelled JADOLA KUMMUIKH.
  3482 | D:4      | Reached XP level 6. HP: 32/35 MP: 10/10
  3511 | D:4      | 3511 ||| Stepping ~*~*~tactically~*~*~ (stealth).
  3521 | D:4      | 3521 ||| Stepping ~*~*~tactically~*~*~ (stealth).
  3524 | D:4      | 3524 ||| Stepping ~*~*~tactically~*~*~ (stealth).
  3534 | D:4      | 3534 ||| Stepping ~*~*~tactically~*~*~ (stealth).
  3677 | D:4      | Noticed a black bear
  3681 | D:4      | 3681 ||| Stepping ~*~*~tactically~*~*~ (stealth).
  3685 | D:4      | Killed a black bear
  3686 | D:4      | Reached skill level 7 in Axes
  3710 | D:4      | 3710 ||| Stepping ~*~*~tactically~*~*~ (stealth).
  3761 | D:4      | 3761 ||| Stepping ~*~*~tactically~*~*~ (stealth).
  3863 | D:4      | 3863 ||| Stepping ~*~*~tactically~*~*~ (hiding).
  3993 | D:4      | You are sucked into a shaft and drop 2 floors!
  4054 | D:6      | HP: 2/35 [gnoll sergeant/+2 antimagic spear (11)]
  4056 | D:6      | Slain by a gnoll

Levels and vault maps discovered:
D:1:      mrwooster_arrival_statue_2, layout_loops_ring
D:2:      layout_loops_ring, hellmonk_ecumenical_altar_slurped_away,
          uniq_terence
D:3:      layout_loops_cross, jmf_multi_god_temple2,
          mainiacjoe_overflow_brackets, minivault_25
D:4:      layout_gridville, temple_statues, gammafunk_ghost_mausoleum,
          minmay_mini_ossuary
D:6:      layout_basic, serial_bayou, serial_bayou_lagoon_a,
          serial_bayou_ford_a, serial_bayou_shore_a, serial_bayou_pond_a,
          uniq_sigmund, uniq_eustachio

Skill      XL: |  1  2  3  4  5  6 |
---------------+-------------------+-----
Axes           | 3 5 6 7 |  7.2
Armour         | 2 |  2.2
Fighting       | |  2.3
Throwing       | |  1.0
Dodging        | |  2.1
Spellcasting   | |  2.0
Translocations | |  2.4

Action                   |  1- 3 |  4- 6 || total
-------------------------+-------+-------++-------
Melee: Hand axe          |    96 |    12 ||   108
       Kick              |    20 |    20 ||    40
       Peck              |    13 |    10 ||    23
       Punch             |     3 |       ||     3
       War axe           |       |   118 ||   118
Throw: Boomerang         |     7 |       ||     7
  Use: Scroll            |     4 |     2 ||     6
       Potion            |       |     1 ||     1
Armor: Leather armour    |    12 |       ||    12
       Chain mail        |    25 |    63 ||    88
Dodge: Dodged            |    33 |    29 ||    62
Block: Other             |     8 |    35 ||    43
       Reflection        |       |     2 ||     2

Table legend:
 A = Non-vault XP
 B = Vault XP
 C = Vault XP percentage of total XP
 D = Non-vault monster count
 E = Vault monster count
 F = Vault count percentage of total count
                 A         B        C        D         E       F
            +---------+---------+-------+---------+---------+-------
      Total |     480 |      60 |  11.1 |      78 |       7 |   8.2
            +---------+---------+-------+---------+---------+-------
        D:1 |      49 |       0 |   0.0 |      24 |       0 |   0.0
        D:2 |     100 |      38 |  27.5 |      23 |       2 |   8.0
        D:3 |     114 |       0 |   0.0 |      19 |       0 |   0.0
        D:4 |     188 |      22 |  10.5 |      10 |       5 |  33.3
        D:6 |      29 |       0 |   0.0 |       2 |       0 |   0.0
            +---------+---------+-------+---------+---------+-------
